[ AOE2 MATCH · #513689043 ]
UnrankedDravidians vs Maya
Player's team · LOSS
Rival team · WIN
[ REPLAY ANALYSIS · EXTRACTED FROM THE RECORDED GAME ]
Feudal
8:45
Castle
—
Imperial
—
| APM avg | 73.8 |
| APM peak | 99 |
| eAPM avg | 32.8 |
| Villagers / military | 21 / 2 |
Focus
⚔️ 53.8% · 🌾 46.2%
Archer ×2
Feudal
—
Castle
—
Imperial
—
| APM avg | 57.1 |
| APM peak | 85 |
| eAPM avg | 26.9 |
| Villagers / military | 41 / 0 |
Focus
⚔️ 39.0% · 🌾 61.0%
Match map
Initial resources + every placement click. Lines = walls · curves = elevation contours. ◆ gold · ⬟ stone · ● berries · ✦ relic · ◌ wall gap
Your base· Open — unwalled flank
MatzeAoE's base· Open — unwalled flank
Smoothed initial terrain · ◌ = detected wall gap · hover for details
Inputs per minute
— hK | Puerco_Negro - - MatzeAoE
Build order — hK | Puerco_Negro
42 actions detected in the replay
| 0:00 | Queue | Villager (Male) |
| 0:00 | Queue | Villager (Male) |
| 0:02 | Build | House |
| 0:18 | Queue | Villager (Male) |
| 0:20 | Queue | Villager (Male) |
| 0:20 | Queue | Villager (Male) |
| 1:31 | Queue | Villager (Male) |
| 1:31 | Queue | Villager (Male) |
| 1:58 | Queue | Villager (Male) |
| 2:05 | Build | House |
| 2:09 | Queue | Villager (Male) |
| 2:35 | Build | Lumber Camp |
| 2:45 | Queue | Villager (Male) |
| 3:15 | Queue | Villager (Male) |
| 3:25 | Build | House |
| 3:38 | Queue | Villager (Male) |
| 3:43 | Queue | Villager (Male) |
| 3:49 | Queue | Villager (Male) |
| 4:11 | Queue | Villager (Male) |
| 4:47 | Build | House |
| 5:08 | Build | Mill |
| 5:16 | Queue | Villager (Male) |
| 5:35 | Research | Loom |
| 6:04 | Build | Palisade Wall |
| 6:35 | Research | Feudal Age |
| 7:03 | Build | Barracks |
| 8:20 | Build | Mining Camp |
| 8:45 | Age | Feudal Age |
| 8:47 | Queue | Villager (Male) |
| 8:51 | Build | Archery Range |
| 8:54 | Research | Double-Bit Axe |
| 8:58 | Queue | Villager (Male) |
| 9:21 | Queue | Villager (Male) |
| 9:26 | Build | Palisade Wall |
| 9:27 | Build | Palisade Wall |
| 9:29 | Build | Palisade Wall |
| 9:30 | Build | Palisade Wall |
| 9:33 | Queue | Archer |
| 9:36 | Build | House |
| 9:39 | Queue | Villager (Male) |
| 9:48 | Queue | Villager (Male) |
| 11:11 | Queue | Archer |
Build order — MatzeAoE
50 actions detected in the replay
| 0:00 | Research | Loom |
| 0:02 | Build | House |
| 0:02 | Build | House |
| 0:06 | Queue | Villager (Male) |
| 0:06 | Queue | Villager (Male) |
| 0:13 | Queue | Villager (Male) |
| 1:26 | Queue | Villager (Male) |
| 1:59 | Queue | Villager (Male) |
| 2:05 | Build | House |
| 2:29 | Queue | Villager (Male) |
| 2:29 | Queue | Villager (Male) |
| 2:57 | Queue | Villager (Male) |
| 2:58 | Queue | Villager (Male) |
| 3:16 | Queue | Villager (Male) |
| 3:16 | Queue | Villager (Male) |
| 3:28 | Build | Lumber Camp |
| 3:33 | Queue | Villager (Male) |
| 3:33 | Queue | Villager (Male) |
| 3:47 | Queue | Villager (Male) |
| 3:48 | Queue | Villager (Male) |
| 4:05 | Queue | Villager (Male) |
| 4:05 | Queue | Villager (Male) |
| 4:52 | Queue | Villager (Male) |
| 5:02 | Queue | Villager (Male) |
| 5:02 | Queue | Villager (Male) |
| 5:23 | Build | House |
| 5:37 | Queue | Villager (Male) |
| 5:42 | Queue | Villager (Male) |
| 5:42 | Queue | Villager (Male) |
| 6:14 | Queue | Villager (Male) |
| 6:27 | Queue | Villager (Male) |
| 6:28 | Queue | Villager (Male) |
| 6:41 | Queue | Villager (Male) |
| 6:41 | Queue | Villager (Male) |
| 6:56 | Queue | Villager (Male) |
| 7:09 | Queue | Villager (Male) |
| 7:09 | Queue | Villager (Male) |
| 7:36 | Build | Town Center |
| 7:38 | Build | Palisade Wall |
| 8:16 | Queue | Villager (Male) |
| 8:16 | Queue | Villager (Male) |
| 8:17 | Queue | Villager (Male) |
| 8:17 | Queue | Villager (Male) |
| 8:35 | Build | House |
| 9:08 | Queue | Villager (Male) |
| 9:08 | Queue | Villager (Male) |
| 9:25 | Queue | Villager (Male) |
| 9:25 | Queue | Villager (Male) |
| 9:40 | Queue | Villager (Male) |
| 9:41 | Queue | Villager (Male) |
Match timeline
| 6:04 | hK | Puerco_Negro · wall_segment Palisade Wall x1 |
| 7:03 | hK | Puerco_Negro · first_building Barracks |
| 7:38 | MatzeAoE · wall_segment Palisade Wall x1 |
| 8:45 | hK | Puerco_Negro · age_up feudal |
| 8:51 | hK | Puerco_Negro · first_building Archery Range |
| 9:26 | hK | Puerco_Negro · wall_segment Palisade Wall x1 |
| 9:27 | hK | Puerco_Negro · wall_segment Palisade Wall x1 |
| 9:29 | hK | Puerco_Negro · wall_segment Palisade Wall x1 |
| 9:30 | hK | Puerco_Negro · wall_segment Palisade Wall x1 |
| 13:08 | hK | Puerco_Negro · resign |
[ AI ANALYSIS · 1 CREDIT ]
What really happened in this match?
Wolo.gg analyzes every decision: build order, eco, micro, common mistakes by bracket. Personalized analysis on WhatsApp or Discord in 30 seconds.
Civ guide
Dravidians
Perfil
Puerco Black